 Dungeon Crawl Stone Soup version 0.31-a0-204-g7da18cac08 (webtiles) character file.

Game seed: 7742494451130662165

828 zazu2006 the Prestidigitator (level 7, -10/51 HPs)
             Began as a Gnoll Wanderer on June 27, 2023.
             Mangled by an ogre
             ... wielding a +0 giant club
              (33 damage)
             ... on level 4 of the Dungeon.
             The game lasted 00:09:10 (4360 turns).

zazu2006 the Prestidigitator (Gnoll Wanderer)       Turns: 4360, Time: 00:09:10

Health: -10/51     AC:  8    Str: 10    XL:     7   Next: 97%
Magic:  13/13      EV: 12    Int: 14    God:
Gold:   144        SH:  0    Dex: 12    Spells: 13/14 levels left

rFire   . . .        h - +1 dagger (venom)
rCold   . . .        (no shield)
rNeg    . . .        s - +2 robe
rPois   .            (no helmet)
rElec   .            w - +1 cloak {Will+}
rCorr   .            a - +0 pair of gloves
SInv    .            y - +0 pair of boots
Will    +....        (no amulet)
Stlth   ++           (no ring)
HPRegen 0.28/turn    (no ring)
MPRegen 0.13/turn

%: no passive effects
@: no status effects
A: fangs 1, strong nose, distributed training
a: no special abilities


You were on level 4 of the Dungeon.
You visited 2 branches of the dungeon, and saw 5 of its levels.

You collected 239 gold pieces.
You spent 95 gold pieces at shops.

Inventory:

Hand Weapons
 h - a +1 dagger of venom (weapon)
 o - a +2 war axe of venom
 r - a +2 scythe of flaming
Missiles
 b - 16 poisoned darts (quivered)
 n - 2 curare-tipped darts
Armour
 a - a +0 pair of gloves (worn)
 s - a +2 robe (worn)
 w - a +1 cloak of willpower (worn)
 y - a +0 pair of boots (worn)
Wands
 c - a wand of roots (1)
 k - a wand of mindburst (22)
 v - a wand of polymorph (9)
Scrolls
 d - a scroll of fear
 f - a scroll of summoning {unknown}
 l - 3 scrolls of teleportation {unknown}
 p - a scroll of blinking
 u - a scroll of fog {unknown}
 x - a scroll of amnesia {unknown}
 z - a scroll of enchant weapon {unknown}
Potions
 e - a potion of attraction {unknown}
 g - a potion of ambrosia
 i - 3 potions of enlightenment {unknown}
 j - 2 potions of curing {unknown}
 m - 2 potions of berserk rage
 q - a potion of degeneration {unknown}
 t - a potion of mutation


   Skills:
 + Level 2.9 Fighting
 + Level 2.9 Short Blades
 + Level 2.9 Long Blades
 + Level 2.9 Axes
 + Level 2.9 Maces & Flails
 + Level 2.9 Polearms
 + Level 2.9 Staves
 + Level 2.9 Ranged Weapons
 + Level 5.5 Throwing
 + Level 2.9 Armour
 + Level 2.9 Dodging
 + Level 2.9 Stealth
 + Level 2.9 Shields
 + Level 2.9 Unarmed Combat
 + Level 4.1 Spellcasting
 + Level 2.3 Conjurations
 + Level 2.3 Hexes
 + Level 2.3 Summonings
 + Level 2.3 Necromancy
 + Level 2.3 Translocations
 + Level 2.3 Transmutations
 + Level 2.3 Fire Magic
 + Level 4.5 Ice Magic
 + Level 2.3 Air Magic
 + Level 2.3 Earth Magic
 + Level 2.3 Poison Magic
 + Level 3.2 Invocations
 + Level 10.8 Evocations


You had 13 spell levels left.
You knew the following spells:

 Your Spells              Type           Power      Damage    Failure   Level
a - Freeze                Ice            60%        1d7       3%          1

Your spell library contained the following spells:

 Spells                   Type           Power      Damage    Failure   Level
 Ozocubu's Armour         Ice            15%        N/A       9%          3
 Call Canine Familiar     Summ           9%         N/A       22%         3
 Portal Projectile        Hex/Tloc       18%        N/A       22%         3
 Leda's Liquefaction      Hex/Erth       4%         N/A       56%         4


Dungeon Overview and Level Annotations

Branches:
Dungeon (4/15)             Temple (1/1) D:4

Altars:
Elyvilon
Fedhas
Gozag
Hepliaklqana
Kikubaaqudgha
Makhleb
Nemelex Xobeh
Sif Muna
Trog
Yredelemnul
Zin

Shops:
D:2 ?


Innate Abilities, Weirdness & Mutations

You have very sharp teeth.
Your uncanny sense of smell can sniff out nearby items.
Your experience applies equally to all skills.


Message History

You start putting on your armour.
You continue putting on your +0 pair of boots. x4
You finish putting on your +0 pair of boots.
A quokka comes into view.
Found a scroll labelled KECZOMP ABEGGE.
A quokka is nearby!
A quokka is nearby!
The helpless quokka fails to defend itself.
You impale the quokka!!
You kill the quokka!
z - a scroll labelled KECZOMP ABEGGE You see here a quokka corpse.
You now have 134 gold pieces (gained 14).
There is an escape hatch in the floor here.
You see here a +0 scale mail.
You see here a quokka corpse.
Found a dagger.
You see here a +0 dagger.
You now have 144 gold pieces (gained 10).
You see here a +0 dagger.
An ogre comes into view. It is wielding a +0 giant club.
An ogre is nearby!
An ogre is nearby!
You barely miss the ogre. You bite the ogre, but do no damage.
The ogre hits you with a +0 giant club!
You hit the ogre. You bite the ogre, but do no damage.
The ogre is lightly wounded.
You hit the ogre.
The ogre is poisoned.
The ogre is lightly wounded.
The ogre closely misses you.
You hit the ogre.
The ogre looks as sick as possible!
The ogre is lightly wounded.
You hit the ogre.
The ogre looks as sick as possible!
The ogre is heavily wounded.
The ogre hits you with a +0 giant club!!
You hit the ogre.
The ogre is severely wounded.
The ogre hits you with a +0 giant club!!
Ouch! That really hurt!
You die...

#.##.# #..# #.##.# #..#
#.##.##########..######
..##...<....†...........
########################
# # ####### # #.....# #
#.###@# # #.# #O# # #.#
#.# ## #.# #.# .## #.#
#.# #.##########.# #.#
#............# #..
#.############ ### .##


You could see an ogre (extremely poisoned).

Vanquished Creatures
  Sigmund (D:3)
  An ogre (D:4)
  2 scorpions (D:4)
  2 hounds
  2 orc priests (D:3)
  2 sleepcaps
  Crazy Yiuf (D:3)
  Jessica (D:3)
  2 iguanas (D:4)
  Natasha (twice) (D:2)
  Ijyb (D:3)
  5 adders
  2 worms
  A dart slug (D:3)
  6 orcs
  2 endoplasms
  A giant cockroach (D:1)
  9 goblins
  4 hobgoblins
  2 jackals (D:2)
  11 kobolds
  3 quokkas
  7 ball pythons
  9 bats
  3 frilled lizards
  4 rats
86 creatures vanquished.

Notes
Turn   | Place    | Note
-------+----------+-------------------------------------------
     0 | D:1      | Reached skill level 10 in Evocations
     0 | D:1      | zazu2006 the Gnoll Wanderer began the quest for the Orb.
     0 | D:1      | zazu2006 set off with the following items: a +0 dagger, 12
                  | poisoned darts, a wand of roots (3), a scroll of fear, a +0
                  | robe; and the following spell memorised: Freeze; and the
                  | following spells available to memorise: Ozocubu's Armour.
     0 | D:1      | Reached XP level 1. HP: 13/13 MP: 4/4
     3 | D:1      | You fall into a shaft and drop 1 floor!
     4 | D:2      | Found Laozia's Magic Scroll Emporium.
   214 | D:2      | Reached XP level 2. HP: 17/19 MP: 0/5
   545 | D:2      | Noticed Natasha
   552 | D:2      | Reached XP level 3. HP: 11/25 MP: 2/7
   553 | D:2      | Killed Natasha
   554 | D:2      | Reached skill level 1 in Fighting
   554 | D:2      | Reached skill level 1 in Short Blades
   554 | D:2      | Reached skill level 1 in Long Blades
   554 | D:2      | Reached skill level 1 in Axes
   554 | D:2      | Reached skill level 1 in Maces & Flails
   554 | D:2      | Reached skill level 1 in Polearms
   554 | D:2      | Reached skill level 1 in Staves
   554 | D:2      | Reached skill level 1 in Ranged Weapons
   554 | D:2      | Reached skill level 1 in Armour
   554 | D:2      | Reached skill level 1 in Dodging
   554 | D:2      | Reached skill level 1 in Stealth
   554 | D:2      | Reached skill level 1 in Shields
   554 | D:2      | Reached skill level 1 in Unarmed Combat
   554 | D:2      | Reached skill level 1 in Invocations
   856 | D:2      | Noticed Natasha
   863 | D:2      | Killed Natasha
   864 | D:2      | Reached skill level 1 in Conjurations
   864 | D:2      | Reached skill level 1 in Hexes
   864 | D:2      | Reached skill level 1 in Summonings
   864 | D:2      | Reached skill level 1 in Necromancy
   864 | D:2      | Reached skill level 1 in Translocations
   864 | D:2      | Reached skill level 1 in Transmutations
   864 | D:2      | Reached skill level 1 in Fire Magic
   864 | D:2      | Reached skill level 1 in Air Magic
   864 | D:2      | Reached skill level 1 in Earth Magic
   864 | D:2      | Reached skill level 1 in Poison Magic
   864 | D:2      | Reached XP level 4. HP: 26/32 MP: 6/8
  1196 | D:2      | Bought a scroll of identify for 20 gold pieces
  1433 | D:1      | Found a faded altar of an unknown god.
  2108 | D:2      | Bought a scroll of blinking for 75 gold pieces
  2319 | D:3      | Reached XP level 5. HP: 35/37 MP: 9/9
  2418 | D:2      | HP: 1/37 [sleepcap (13)]
  2565 | D:3      | Noticed Jessica
  2570 | D:3      | Noticed Sigmund
  2578 | D:3      | Killed Sigmund
  2579 | D:3      | Reached skill level 5 in Throwing
  2579 | D:3      | Reached XP level 6. HP: 34/44 MP: 9/11
  2588 | D:3      | Killed Jessica
  2766 | D:3      | Found a runed translucent door.
  2767 | D:3      | Noticed Crazy Yiuf
  2908 | D:3      | Found a glowing silver altar of Zin.
  2992 | D:3      | Reached XP level 7. HP: 47/50 MP: 10/12
  3158 | D:3      | Noticed Ijyb
  3167 | D:3      | Killed Ijyb
  3281 | D:3      | Killed Crazy Yiuf
  3654 | D:4      | Found a staircase to the Ecumenical Temple.
  3672 | Temple   | Entered the Ecumenical Temple
  4360 | D:4      | Mangled by an ogre

Illustrated notes

Levels and vault maps discovered:
D:1:      lightli_arrival_statuegarden, layout_basic,
          hellmonk_ecumenical_altar_zigzags, serial_bayou_lagoon_a,
          minmay_small_reverse_x
D:2:      layout_loops_ring, serial_shops, shop, uniq_natasha
D:3:      layout_rooms, lemuel_round_altar, uniq_crazy_yiuf_cottage,
          uniq_sigmund, uniq_ijyb, uniq_jessica
D:4:      layout_loops_ring, nicolae_overflow_hidden_temple,
          minmay_temple_entry_mist, guppyfry_early_lair_pool
Temple:   nicolae_temple_bog_church

Skill      XL: |  1  2  3  4  5  6  7 |
---------------+----------------------+-----
Evocations     | | 10.8
Fighting       | 1 2 |  2.9
Short Blades   | 1 2 |  2.9
Long Blades    | 1 2 |  2.9
Axes           | 1 2 |  2.9
Maces & Flails | 1 2 |  2.9
Polearms       | 1 2 |  2.9
Staves         | 1 2 |  2.9
Ranged Weapons | 1 2 |  2.9
Armour         | 1 2 |  2.9
Dodging        | 1 2 |  2.9
Stealth        | 1 2 |  2.9
Shields        | 1 2 |  2.9
Unarmed Combat | 1 2 |  2.9
Invocations    | 1 2 3 |  3.2
Spellcasting   | 3 4 |  4.1
Conjurations   | 1 2 |  2.3
Hexes          | 1 2 |  2.3
Summonings     | 1 2 |  2.3
Necromancy     | 1 2 |  2.3
Translocations | 1 2 |  2.3
Transmutations | 1 2 |  2.3
Fire Magic     | 1 2 |  2.3
Air Magic      | 1 2 |  2.3
Earth Magic    | 1 2 |  2.3
Poison Magic   | 1 2 |  2.3
Ice Magic      | 4 |  4.5
Throwing       | 5 |  5.5

Action                     |  1- 3 |  4- 6 |  7- 9 || total
---------------------------+-------+-------+-------++-------
  Melee: Dagger            |    26 |   117 |    87 ||   230
         Bite              |     1 |    17 |    16 ||    34
         Punch             |     1 |     1 |     3 ||     5
         Halberd           |       |       |     6 ||     6
  Throw: Dart              |     1 |       |     7 ||     8
   Cast: Freeze            |    27 |    27 |     2 ||    56
  Evoke: Wand              |     1 |     1 |       ||     2
    Use: Potion            |       |     1 |       ||     1
         Scroll            |       |       |     2 ||     2
   Stab: Sleeping          |     1 |     1 |     2 ||     4
         Distracted        |       |     1 |       ||     1
 Armour: Robe              |    10 |    28 |    14 ||    52
         Skin              |       |       |     3 ||     3
  Dodge: Dodged            |    37 |    81 |    42 ||   160

Table legend: (Time is in decaauts)
 A = Elapsed time spent in this place.
 B = Non-inter-level travel time spent in this place.
 C = Inter-level travel time spent in this place.
 D = Time resting spent in this place.
 E = Time spent auto-exploring this place.
 F = Levels seen in this place.
 G = Mean time per level.
                   A        B        C        D        E       F      G
               +--------+--------+--------+--------+--------+-----+--------+
         Total |   4372 |   4289 |     83 |    203 |   3234 |   5 |  874.4 |
       Dungeon |   4094 |   4021 |     73 |    203 |   2974 |   4 | 1023.5 |
        Temple |    277 |    268 |      9 |      0 |    259 |   1 |  277.0 |
               +--------+--------+--------+--------+--------+-----+--------+

Top non-repeatable levels by time:
     D:2: 1447 daAuts
     D:3: 1014 daAuts
     D:1: 906 daAuts
     D:4: 726 daAuts
  Temple: 277 daAuts
